 Dungeon Crawl Stone Soup version 0.17-a0-1105-gbe8b664 (webtiles) character file.

63 onwiheg the Slasher (level 4, -5/35 HPs)
             Began as a Formicid Berserker on May 21, 2015.
             Was a Believer of Trog.
             Killed from afar by Natasha (7 damage)
             ... with a magic dart
             ... on level 2 of the Dungeon.
             The game lasted 00:06:15 (2152 turns).

onwiheg the Slasher (Formicid Berserker)            Turns: 2152, Time: 00:06:17

Health: -5/35      AC:  6    Str: 23    XL:     4   Next: 30%
Magic:  4/4        EV: 10    Int:  6    God:    Trog [**....]
Gold:   72         SH:  0    Dex: 10    Spells: 0 memorised, 3 levels left

rFire  . . .     SeeInvis +     a - +0 falchion
rCold  . . .     Clarity  .     s - +0 scale mail
rNeg   . . .     SustAb   +     (no shield)
rPois  .         Gourm    .     (helmet unavailable)
rElec  .         Spirit   .     (no cloak)
rCorr  .         Warding  .     (no gloves)
rMut   .         Stasis   +     (no boots)
MR     .....                    (no amulet)
Stlth  +.........               n - ring of sustain abilities
                                i - ring of stealth

@: not resistant to hostile enchantments, very unstealthy
A: permanent stasis, dig shafts and tunnels, four strong arms, antennae 3
a: Dig, Shaft Self, Burn Spellbooks, Trog's Hand, Renounce Religion


You were on level 2 of the Dungeon.
You worshipped Trog.
Trog was pleased with you.
You were hungry.

You visited 1 branch of the dungeon, and saw 2 of its levels.

You collected 72 gold pieces.

Inventory:

Hand weapons
 a - a +0 falchion (weapon)
Armour
 b - a +0 animal skin
 s - a +0 scale mail (worn)
Jewellery
 i - a ring of stealth (left hand)
 n - a ring of sustain abilities (right hand)
Scrolls
 d - 6 scrolls of identify {unknown}
 e - a scroll of blinking {unknown}
 h - 2 scrolls of remove curse {unknown}
 k - a scroll of random uselessness {unknown}
 o - a scroll of fear {unknown}
Potions
 j - a potion of curing
 l - a potion of flight {unknown}
 m - a potion of haste {unknown}
Comestibles
 c - a bread ration
 f - a royal jelly
 g - 2 slices of pizza
 p - 2 beef jerkies
 q - a meat ration


   Skills:
 - Level 3.2 Fighting
 + Level 4.8 Long Blades
 - Level 2.1 Armour
 - Level 1.7 Dodging


You had 3 spell levels left.
You didn't know any spells.

Dungeon Overview and Level Annotations

Branches:
Dungeon (2/15)

Altars:

Annotations:
D:2 glass block, Natasha


Innate Abilities, Weirdness & Mutations

You are under a permanent stasis effect.
You can dig through walls and to a lower floor.
Your four strong arms can wield two-handed weapons with a shield.
You have a pair of large antennae on your head (SInv).


Message History

Natasha is heavily wounded.
Natasha barely misses you. The shadow imp barely misses you.
You hit Natasha.
Natasha is severely wounded.
Natasha claws you.
The shadow imp hits you but does no damage.
Natasha casts a spell.
Suddenly you are surrounded with a pale green light.
Natasha claws you.
You hit Natasha.
Natasha is almost dead.
The shadow imp hits you. Natasha claws you.
You hit Natasha but do no damage.
Natasha is almost dead.
The shadow imp gestures at you. Pain shoots through your body!
* * * LOW HITPOINT WARNING * * *
Natasha stares at you and mumbles some strange words.
The magic dart hits you!
You die...

###'#........#...#.#.#
#...########.###.#.#.#
#####
...............#.....#
.....
#.###########.####.###
####
#.#######.............
#.#.....#.####.###.###
..#.....# #.....# #
##......# #..#..#
#.######### ###.....#
#..@h.# #..........
#.'.....+
#.#.5.######.###.###
#)#.....#
#.#...............#
#.#.....+
#.....#####.#####.##
#.#.....# ###...#
#......... #.#.....#
#.... #...#.#.##
..#.....### #...##
#.....#.# ###........
....# #.##....#.#
..#<.....##
#.........#


You could see Natasha and a shadow imp.

Vanquished Creatures
  3 adders (D:2)
  3 giant cockroaches (D:1)
  6 hobgoblins
  A ball python (D:2)
  4 bats
  5 giant newts (D:2)
  7 goblins
  2 kobolds (D:1)
  3 quokkas (D:2)
  2 rats (D:1)
36 creatures vanquished.

Notes
Turn   | Place    | Note
--------------------------------------------------------------
     0 | D:1      | onwiheg the Formicid Berserker began the quest for the Orb.
     0 | D:1      | Reached XP level 1. HP: 18/18 MP: 1/1
    62 | D:1      | You fall through a shaft!
   162 | D:2      | Reached XP level 2. HP: 13/24 MP: 2/2
   733 | D:1      | Reached skill level 4 in Long Blades
   733 | D:1      | Reached XP level 3. HP: 26/29 MP: 3/3
   858 | D:1      | Acquired Trog's second power
  1733 | D:2      | Reached XP level 4. HP: 24/35 MP: 4/4
  2142 | D:2      | Noticed Natasha
  2152 | D:2      | Killed from afar by Natasha

Vault maps used:
D:1:      matt_arrival_los_fun
D:2:      due_unseen_surprise, uniq_natasha

Action                   |  1- 3 |  4- 6 || total
-------------------------+-------+-------++-------
Melee: Falchion          |   103 |    28 ||   131
 Abil: Dig               |     7 |       ||     7
  Use: Potion            |     1 |       ||     1
 Stab: Sleeping          |     3 |       ||     3
  Eat: Chunk             |     3 |     1 ||     4
